 Dungeon Crawl Stone Soup version 0.29-a0-845-g6161e89988 (webtiles) character file.

Game seed: 10180469094122645369

79 zeratav the Conjurer (level 4, 0/27 HPs)
             Began as an Octopode Conjurer on July 16, 2022.
             Slain by Grinder (1 damage)
             ... on level 3 of the Dungeon.
             The game lasted 00:02:47 (2590 turns).

zeratav the Conjurer (Octopode Conjurer)            Turns: 2590, Time: 00:02:48

Health: 0/27       AC:  1    Str:  6    XL:     4   Next: 37%
Magic:  0/7        EV: 12    Int: 22    God:
Gold:   133        SH:  3    Dex: 10    Spells: 6/7 levels left

rFire   . . .      SeeInvis .   b - +0 club {mace}
rCold   . . .      Faith    .   n - +0 buckler
rNeg    . . .      Spirit   .   (helmet restricted)
rPois   .          Reflect  .   (no amulet)
rElec   .          Harm     .   (no ring)
rCorr   .          Rampage  .   (no ring)
Will    .....                   (no ring)
Stlth   +++.......              (no ring)
HPRegen 0.09/turn               (no ring)
MPRegen 0.10/turn               (no ring)
                                (no ring)
                                (no ring)

@: very slightly contaminated
A: almost no armour, amphibious, 8 rings, camouflage 1, gelatinous body 1,
(nimble swimmer 1), tentacles
a: no special abilities


You were on level 3 of the Dungeon.
You visited 1 branch of the dungeon, and saw 3 of its levels.

You collected 133 gold pieces.


Innate Abilities, Weirdness & Mutations

You cannot wear most types of armour.
You are amphibious.
You can wear up to eight rings at the same time.
Your skin changes colour to match your surroundings (Stealth+).
Your rubbery body absorbs attacks. (AC +1, EV +1)
((You are camouflaged when in or above water. (Stealth+)))
You have tentacles for arms and can constrict up to eight enemies at once.


   Skills:
 - Level 2.0 Dodging
 + Level 3.7 Stealth
 - Level 2.0 Spellcasting
 + Level 4.7 Conjurations
 + Level 2.2 Hexes


You had 6 spell levels left.
You knew the following spells:

 Your Spells              Type           Power      Damage    Failure   Level
a - Magic Dart            Conj           92%        1d7       2%          1

Your spell library contained the following spells:

 Spells                   Type           Power      Damage    Failure   Level
 Searing Ray              Conj           46%        2d6       4%          2
 Dazzling Flash           Conj/Hex       34%        N/A       13%         3
 Necrotise                Necr           8%         1d4       19%         1
 Fulminant Prism          Conj/Hex       8%         3d7       41%         4
 Ozocubu's Armour         Ice            2%         N/A       50%         3
 Vampiric Draining        Necr           2%         2d6       50%         3
 Iskenderun's Mystic Bla  Conj/Tloc      12%        2d5       56%         4
 Agony                    Necr           2%         N/A       99%         5
 Ozocubu's Refrigeration  Ice            1%         4d5       100%        7

Inventory:

Hand Weapons
 b - a +0 club (weapon) {mace}
   (You found it on level 1 of the Dungeon)
 l - a +0 vorpal sling
   (You found it on level 2 of the Dungeon)
Armour
 n - a +0 buckler (worn)
   (You found it on level 2 of the Dungeon)
Magical Staves
 m - a staff of poison {staff}
   (You found it on level 2 of the Dungeon)
Scrolls
 c - 2 scrolls of poison {unknown}
 d - 2 scrolls of vulnerability {unknown}
 e - a scroll of blinking {unknown}
 g - 2 scrolls of fog {unknown}
 i - 2 scrolls of enchant weapon {unknown}
 j - a scroll of teleportation {unknown}
Potions
 f - a potion of mutation {unknown}
 h - a potion of heal wounds {unknown}
 k - a potion of haste {unknown}

Dungeon Overview and Level Annotations

Branches:
Dungeon (3/15) Zot: 15409

Altars:

Annotations:
D:3 Grinder

. ..# ..#### ...# .. .#
#.## # .
..######.)#.##.. #. .
.....g5@.......# #!.#.
#.#######...####
#...###.# ##..#
##....#@. ....
#.......##########.#...
....g............ .....
......$##<###### ..##.
....... #........ .#
#.....# ########.


You could see Grinder and a goblin.


Message History

You take 8 damage, and now have 19/27 hp.
MASSIVE DAMAGE!! (PAUSE)
You lost 1 mp, and now have 0/7 mp.
Casting: Magic Dart (safe; 2% risk of failure)
Confirm with . or Enter, or press ? or * to list all spells.
You don't have enough magic to cast this spell.
Casting: Magic Dart (safe; 2% risk of failure)
Confirm with . or Enter, or press ? or * to list all spells.
You don't have enough magic to cast this spell.
Unknown command.
Magic courses through your body. Grinder gestures at you.
You suddenly lose the ability to move!
You can move again.
MP[+7]
Your mp is fully restored (7).
Casting: Magic Dart (safe; 2% risk of failure)
Confirm with . or Enter, or press ? or * to list all spells.
Aiming: Magic Dart (safe; 2% risk of failure)
Press: ? - help, Shift-Dir - straight line, f/p - Grinder
Aim: Grinder (lightly wounded, 100% to hit)
The magic dart hits Grinder.
MP[-1]
You lost 1 mp, and now have 6/7 mp.
Casting: Magic Dart (safe; 2% risk of failure)
Confirm with . or Enter, or press ? or * to list all spells.
Aiming: Magic Dart (safe; 2% risk of failure)
Press: ? - help, Shift-Dir - straight line, f/p - Grinder
Aim: Grinder (lightly wounded, 100% to hit)
The magic dart hits Grinder.
A goblin comes into view. It is wielding a +1 dagger of venom.
MP[-1]
You lost 1 mp, and now have 5/7 mp.
Casting: Magic Dart (safe; 2% risk of failure)
Confirm with . or Enter, or press ? or * to list all spells.
Aiming: Magic Dart (safe; 2% risk of failure)
Press: ? - help, Shift-Dir - straight line, f/p - Grinder
Aim: Grinder (moderately wounded, 100% to hit)
The magic dart hits Grinder.
Grinder hits you.
HP[-2] MP[-1]
You take 2 damage, and now have 17/27 hp.
You lost 1 mp, and now have 4/7 mp.
Casting: Magic Dart (safe; 2% risk of failure)
Confirm with . or Enter, or press ? or * to list all spells.
Aiming: Magic Dart (safe; 2% risk of failure)
Press: ? - help, Shift-Dir - straight line, f/p - Grinder
Aim: Grinder (moderately wounded, 100% to hit)
The magic dart hits Grinder.
Grinder closely misses you.
MP[-1]
You lost 1 mp, and now have 3/7 mp.
Casting: Magic Dart (safe; 2% risk of failure)
Confirm with . or Enter, or press ? or * to list all spells.
Aiming: Magic Dart (safe; 2% risk of failure)
Press: ? - help, Shift-Dir - straight line, f/p - Grinder
Aim: Grinder (moderately wounded, 100% to hit)
The magic dart hits Grinder.
Grinder barely misses you.
MP[-1]
You lost 1 mp, and now have 2/7 mp.
Casting: Magic Dart (safe; 2% risk of failure)
Confirm with . or Enter, or press ? or * to list all spells.
Aiming: Magic Dart (safe; 2% risk of failure)
Press: ? - help, Shift-Dir - straight line, f/p - Grinder
Aim: Grinder (moderately wounded, 100% to hit)
You miscast Magic Dart.
You are very lightly contaminated with residual magic.
Nothing appears to happen.
Grinder hits you!
* * * LOW HITPOINT WARNING * * *
HP[-8]
You take 8 damage, and now have 9/27 hp.
MASSIVE DAMAGE!! (PAUSE)
Casting: Magic Dart (safe; 2% risk of failure)
Confirm with . or Enter, or press ? or * to list all spells.
Aiming: Magic Dart (safe; 2% risk of failure)
Press: ? - help, Shift-Dir - straight line, f/p - Grinder
Aim: Grinder (moderately wounded, 100% to hit)
The magic dart hits Grinder but does no damage.
Grinder barely misses you.
MP[-1]
You lost 1 mp, and now have 1/7 mp.
Casting: Magic Dart (safe; 2% risk of failure)
Confirm with . or Enter, or press ? or * to list all spells.
Aiming: Magic Dart (safe; 2% risk of failure)
Press: ? - help, Shift-Dir - straight line, f/p - Grinder
Aim: Grinder (moderately wounded, 100% to hit)
The magic dart hits Grinder.
Grinder hits you.
* * * LOW HITPOINT WARNING * * *
HP[-1] MP[-1]
You take 1 damage, and now have 8/27 hp.
You lost 1 mp, and now have 0/7 mp.
Casting: Magic Dart (safe; 2% risk of failure)
Confirm with . or Enter, or press ? or * to list all spells.
You don't have enough magic to cast this spell.
Casting: Magic Dart (safe; 2% risk of failure)
Confirm with . or Enter, or press ? or * to list all spells.
You don't have enough magic to cast this spell.
You hit Grinder but do no damage. Your grab misses Grinder.
You squeeze Grinder. Grinder hits you!
* * * LOW HITPOINT WARNING * * *
You writhe in agony.
You die...

Skill      XL: |  1  2  3 |
---------------+----------+-----
Hexes          | 1 2 |  2.2
Stealth        | 3 |  3.7
Dodging        | |  2.0
Spellcasting   | |  2.0
Conjurations   | |  4.7

Action                   |  1- 3 |  4- 6 || total
-------------------------+-------+-------++-------
Melee: Club              |     1 |     1 ||     2
       Tentacles         |       |     1 ||     1
 Cast: Magic Dart        |    66 |    10 ||    76
  Use: Potion            |       |     1 ||     1
Dodge: Dodged            |     4 |     3 ||     7

Levels and vault maps discovered:
D:1:      nagdon_arrival_zigzag_paths, layout_basic,
          shapermc_ecumenical_altar_acropolis
D:2:      layout_basic, roderic_serpentine_path
D:3:      layout_rooms, uniq_grinder, uniq_jessica

Notes
Turn   | Place    | Note
-------+----------+-------------------------------------------
     0 | D:1      | zeratav the Octopode Conjurer began the quest for the Orb.
     0 | D:1      | Reached XP level 1. HP: 11/11 MP: 3/3
     0 | D:1      | magus.rc [v1.9.6]
   146 | D:1      | You add the spells Ozocubu's Armour and Ozocubu's
                  | Refrigeration to your library.
   275 | D:1      | Reached skill level 1 in Hexes
   275 | D:1      | Reached XP level 2. HP: 17/17 MP: 0/5
   962 | D:1      | You pick up a book of Necromancy and begin reading...
   962 | D:1      | You add the spells Necrotise, Vampiric Draining and Agony
                  | to your library.
   999 | D:1      | Found a faded altar of an unknown god.
  1435 | D:2      | Reached XP level 3. HP: 21/21 MP: 2/6
  1541 | D:2      | Reached skill level 3 in Stealth
  1673 | D:2      | Reached skill level 2 in Hexes
  2431 | D:3      | Noticed Grinder
  2434 | D:3      | Noticed Jessica
  2560 | D:3      | Killed Jessica
  2561 | D:3      | Reached XP level 4. HP: 27/27 MP: 1/7
  2580 | D:3      | Paralysed by Grinder for 2 turns
  2590 | D:3      | HP: 1/27 [Grinder (8)]
  2590 | D:3      | Slain by Grinder

Vanquished Creatures
  Jessica (D:3)
  2 adders (D:2)
  A worm (D:2)
  A dart slug (D:2)
  5 ball pythons
  4 endoplasms (D:1)
  A giant cockroach (D:2)
  2 goblins (D:2)
  A hobgoblin (D:1)
  2 quokkas (D:2)
  2 bats (D:1)
  A frilled lizard (D:2)
  3 kobolds
  5 rats (D:1)
31 creatures vanquished.

Table legend:
 A = Non-vault XP
 B = Vault XP
 C = Vault XP percentage of total XP
 D = Non-vault monster count
 E = Vault monster count
 F = Vault count percentage of total count
                 A         B        C        D         E       F
            +---------+---------+-------+---------+---------+-------
      Total |      76 |      37 |  32.7 |      30 |       1 |   3.2
            +---------+---------+-------+---------+---------+-------
        D:1 |      25 |       0 |   0.0 |      17 |       0 |   0.0
        D:2 |      49 |       0 |   0.0 |      12 |       0 |   0.0
        D:3 |       2 |      37 |  94.9 |       1 |       1 |  50.0
            +---------+---------+-------+---------+---------+-------

Illustrated notes

Table legend:
 A = Kills in this place as a percentage of kills in entire the game.
 B = Kills by you in this place as a percentage of kills by you in the entire game.
 C = Kills by friends in this place as a percentage of kills by friends in the entire game.
 D = Other kills in this place as a percentage of other kills in the entire game.
 E = Experience gained in this place as a percentage of experience gained in the entire game.
 F = Experience gained in this place divided by the number of levels of this place that you have seen.
                   A       B       C       D       E      F
               +-------+-------+-------+-------+-------+----------------------
         Total | 100.0 | 100.0 |   N/A |   N/A | 100.0 |  37.7
       Dungeon | 100.0 | 100.0 |   N/A |   N/A | 100.0 |  37.7
               +-------+-------+-------+-------+-------+----------------------

Table legend: (Time is in decaauts)
 A = Elapsed time spent in this place.
 B = Non-inter-level travel time spent in this place.
 C = Inter-level travel time spent in this place.
 D = Time resting spent in this place.
 E = Time spent auto-exploring this place.
 F = Levels seen in this place.
 G = Mean time per level.
                   A        B        C        D        E       F      G
               +--------+--------+--------+--------+--------+-----+--------+
         Total |   2589 |   2368 |    221 |     61 |   2145 |   3 |  863.0 |
       Dungeon |   2589 |   2368 |    221 |     61 |   2145 |   3 |  863.0 |
               +--------+--------+--------+--------+--------+-----+--------+

Top non-repeatable levels by time:
     D:2: 1329 daAuts
     D:1: 1206 daAuts
     D:3: 53 daAuts
